 Dungeon Crawl Stone Soup version 0.21-a0-154-gb5400c9 (webtiles) character file.

1248 froobite the Carver (level 8, -7/71 HPs)
             Began as a Minotaur Berserker on Aug 2, 2017.
             Was an Elder of Trog.
             Mangled by an orc warrior
             ... wielding a +0 short sword
              (15 damage)
             ... on level 7 of the Dungeon.
             The game lasted 00:12:47 (2829 turns).

froobite the Carver (Minotaur Berserker)            Turns: 2829, Time: 00:12:48

Health: -7/71      AC: 14    Str: 23    XL:     8   Next: 26%
Magic:  8/8        EV: 11    Int:  4    God:    Trog [****..]
Gold:   177        SH:  0    Dex: 11    Spells: 7/7 levels left

rFire    + . .     SeeInvis .   a - +0 falchion
rCold    . . .     Gourm    .   (no shield)
rNeg     . . .     Faith    .   n - +0 plate armour
rPois    .         Spirit   .   (helmet restricted)
rElec    .         Reflect  .   (no cloak)
rCorr    .         Harm     .   k - +0 pair of gloves
MR       .....                  w - +0 pair of boots
Stlth    ..........             (no amulet)
HPRegen  0.21/turn              g - +3 ring of evasion
MPRegen  0.11/turn              p - ring of protection from fire

@: berserk cooldown, flying, very slightly contaminated, slowed, very slow
A: retaliatory headbutt, horns 2
a: Berserk, Trog's Hand, Brothers in Arms, Burn Spellbooks, Renounce Religion


You were on level 7 of the Dungeon.
You worshipped Trog.
Trog was greatly pleased with you.
You were near starving.

You visited 1 branch of the dungeon, and saw 5 of its levels.

You collected 177 gold pieces.

Inventory:

Hand Weapons
 a - a +0 falchion (weapon)
Armour
 b - a +0 animal skin
 j - a +0 robe
 k - a +0 pair of gloves (worn)
 l - a +0 chain mail
 n - a +0 plate armour (worn)
 w - a +0 pair of boots (worn)
Jewellery
 g - a +3 ring of evasion (left hand)
 p - a ring of protection from fire (right hand)
 v - an uncursed ring of see invisible {unknown}
Wands
 o - a wand of flame (11/48)
Scrolls
 s - 2 scrolls of recharging
Potions
 d - a potion of flight
 e - 2 potions of brilliance {unknown}
 h - a potion of might {unknown}
 i - a potion of degeneration {unknown}
 q - a potion of curing {unknown}
 r - a potion of cancellation {unknown}
 u - a potion of heal wounds {unknown}
 z - a potion of mutation {unknown}
Comestibles
 c - 4 bread rations
 f - a meat ration
 m - 2 royal jellies
 t - 2 fruits


   Skills:
 + Level 6.4 Fighting
 + Level 9.4 Long Blades
 + Level 4.4 Armour
 + Level 3.5 Dodging
 + Level 2.0 Stealth
 + Level 1.3 Evocations


You had 7 spell levels left.
You didn't know any spells.

Dungeon Overview and Level Annotations

Branches:
Dungeon (4/15)
 Temple: D:4-7

Altars:
Kikubaaqudgha
Trog
Vehumet


Innate Abilities, Weirdness & Mutations

You reflexively headbutt those who attack you in melee.
You have a pair of horns on your head.


Message History

* * * LOW HITPOINT WARNING * * *
You closely miss the orc warrior.
The orc warrior is almost dead.
The orc warrior hits you but does no damage.
The orc wizard points at you and mumbles some strange words.
You resist with some effort.
You see here a bullfrog corpse.
Blink to where?
Press: ? - help, Dir - move target cursor You are very lightly contaminated with residual magic.
As you read the scroll labeled MAONLE CAKAL, it crumbles to dust.
It was a scroll of blinking.
The orc wizard hits you but does no damage.
The orc wizard closely misses you.
You hit the orc wizard.
The orc wizard is moderately wounded.
The orc wizard gestures wildly while chanting.
The orc wizard blinks!
The orc warrior hits you with a short sword!
You die... ### #### #>. oz.

.. ## #.#
oo...###. #.# .#
...#. #
#####o###z# .... #
#....§oooo# ...
#### #.###.#####
#.# #...
#z#######.# #.##
#..oo@.o..# #.##
#########'## #.##
##...## #...
##.....## #.##
##.......## ##.##
#.........####....
+.........'.......
#.........####...#
##.......## ##...


You could see an orc warrior, a wight, an orc wizard and an orc.

Vanquished Creatures
  Grinder (D:3)
  Sigmund (D:2)
  An orc warrior (D:7)
  An ogre (D:7)
  A bullfrog (D:7)
  2 scorpions (D:4)
  The ghost of Lunath the Ruffian, a weakling TrMo of Uskayaw (D:3)
  2 bullfrog zombies (D:7)
  A hound (D:4)
  An orc priest (D:3)
  2 iguanas
  2 orc wizards (D:7)
  5 worker ants
  6 adders
  2 oozes
  An adder skeleton (D:4)
  3 worms
  2 leopard geckos
  5 orcs
  4 giant cockroaches
  11 goblins
  6 hobgoblins
  10 jackals
  7 kobolds
  A quokka (D:2)
  4 bats
  7 frilled lizards
  7 rats
97 creatures vanquished.

Notes
Turn   | Place    | Note
-------+----------+-------------------------------------------
     0 | D:1      | froobite the Minotaur Berserker began the quest for the Orb.
     0 | D:1      | Reached XP level 1. HP: 19/19 MP: 0/0
   170 | D:1      | Reached XP level 2. HP: 19/27 MP: 1/1
   201 | D:1      | Reached skill level 4 in Long Blades
   508 | D:2      | Reached XP level 3. HP: 24/33 MP: 2/2
   571 | D:2      | Reached ** piety under Trog
   595 | D:2      | Noticed Sigmund
   603 | D:2      | Killed Sigmund
   603 | D:2      | Reached skill level 5 in Fighting
   603 | D:2      | Reached skill level 6 in Long Blades
   603 | D:2      | Reached XP level 4. HP: 29/42 MP: 3/3
   603 | D:2      | Reached XP level 5. HP: 33/48 MP: 4/4
   903 | D:2      | Found a bloodstained altar of Trog.
  1099 | D:2      | You fall through a shaft!
  1226 | D:3      | Noticed Grinder
  1238 | D:3      | Killed Grinder
  1238 | D:3      | Reached skill level 7 in Long Blades
  1238 | D:3      | Reached skill level 1 in Stealth
  1238 | D:3      | Reached XP level 6. HP: 40/56 MP: 5/5
  1698 | D:3      | Reached *** piety under Trog
  1763 | D:3      | Noticed Lunath's ghost (weakling TrMo)
  1782 | D:3      | Killed Lunath's ghost
  1782 | D:3      | Reached XP level 7. HP: 55/61 MP: 6/6
  1995 | D:3      | Found an ancient bone altar of Kikubaaqudgha.
  1996 | D:3      | Found a radiant altar of Vehumet.
  2255 | D:4      | Reached skill level 8 in Long Blades
  2708 | D:4      | You fall through a shaft for 3 floors!
  2773 | D:7      | Reached skill level 1 in Evocations
  2778 | D:7      | Reached XP level 8. HP: 57/70 MP: 7/7
  2782 | D:7      | Reached skill level 9 in Long Blades
  2804 | D:7      | Reached **** piety under Trog
  2829 | D:7      | Mangled by an orc warrior

Vault maps used:
D:1:      mrwooster_arrival_statue_2
D:2:      minmay_diamond_boxcup, first_bread, trog_three_pillars_becter,
          uniq_sigmund
D:3:      gammafunk_temple_overflow_pools, uniq_grinder
D:7:      temple_pool_b, enter_bailey_2

Skill      XL: |  1  2  3  4  5  6  7  8 |
---------------+-------------------------+-----
Long Blades    | 4 6 7 8 9 |  9.4
Fighting       | 4 5 6 |  6.4
Dodging        | 3 |  3.5
Stealth        | 1 2 |  2.0
Armour         | 3 4 |  4.4
Evocations     | 1 |  1.3

Action                   |  1- 3 |  4- 6 |  7- 9 || total
-------------------------+-------+-------+-------++-------
Melee: Falchion          |    59 |    98 |   112 ||   269
       Headbutt          |    11 |    26 |    30 ||    67
Invok: Berserk           |     1 |       |     1 ||     2
       Burn Spellbooks   |       |       |     1 ||     1
Evoke: Wand              |       |     5 |     1 ||     6
  Use: Scroll            |       |     4 |     3 ||     7
       Potion            |       |       |     1 ||     1
 Stab: Sleeping          |       |     3 |       ||     3
  Eat: Bread ration      |       |     1 |       ||     1
       Chunk             |       |       |     2 ||     2
Armor: Animal skin       |    11 |       |       ||    11
       Robe              |       |     6 |       ||     6
       Chain mail        |       |     4 |       ||     4
       Plate armour      |       |    12 |    59 ||    71
Dodge: Dodged            |    56 |    61 |    62 ||   179
       Rpst.: Falchion   |    10 |    18 |    17 ||    45
